 Dungeon Crawl Stone Soup version 0.27-a0-1384-g1422d76b99 (webtiles) character file.

Game seed: 9299442716810184006

2 dickylongcocking the Magician (level 1, -2/17 HPs)
             Began as a Djinni Wanderer on July 1, 2021.
             Slain by a quokka (3 damage)
             ... on level 1 of the Dungeon.
             The game lasted 00:00:16 (248 turns).

dickylongcocking the Magician (Djinni Wanderer)      Turns: 248, Time: 00:00:17

Health: -2/17      AC:  2    Str: 12    XL:     1   Next: 44%
Gold:   0          EV:  9    Int: 13    God:
                   SH:  7    Dex: 11

rFire    + + .     SeeInvis .   a - +0 club
rCold    x . .     Faith    .   c - +0 kite shield
rNeg     . . .     Spirit   .   b - +0 robe
rPois    ∞         Reflect  .   (no helmet)
rElec    .         Harm     .   (no cloak)
rCorr    .         Rampage  .   (no gloves)
Will     .....                  (boots unavailable)
Stlth    +.........             (no amulet)
HPRegen  0.05/turn              (no ring)
MPRegen  0.00/turn              (no ring)

@: flying
A: sickness immunity, fire resistance 2, cold vulnerability 1, float, innate
caster, hp casting, extra vitality 1
a: no special abilities


You were on level 1 of the Dungeon.
You visited 1 branch of the dungeon, and saw 1 of its levels.

Inventory:

Hand Weapons
 a - a +0 club (weapon)
Armour
 b - a +0 robe (worn)
 c - a +0 kite shield (worn)


   Skills:
 + Level 1.0 Fighting
 + Level 1.0 Throwing
 + Level 1.1 Dodging
 + Level 1.0 Stealth
 + Level 1.0 Shields
 + Level 4.2 Spellcasting


You couldn't memorise any spells.
You knew the following spells:

 Your Spells              Type           Power      Damage    Failure   Level
a - Dazzling Flash        Conj/Hex       26%        N/A       54%         3
b - Corona                Hex            14%        N/A       22%         1
c - Freeze                Ice            52%        1d7       22%         1
f - Frozen Ramparts       Ice            26%        1d4       54%         3

Your spell library contained the following spells:

 Spells                   Type           Power      Damage    Failure   Level


Dungeon Overview and Level Annotations

Branches:
Dungeon (1/15)

Altars:


Innate Abilities, Weirdness & Mutations

You are immune to sickness and miasma.
You are immune to poison.
Your flesh is very heat resistant. (rF++)
You are vulnerable to cold. (rC-)
You float through the air rather than walking.
You learn spells naturally, not from books.
Your magical power is your life essence.
You have superior vitality. (+4 HP)


Message History

You see here a dart slug corpse.
Found 13 stones.
HP restored.
A quokka comes into view.
A quokka is nearby!
A quokka is nearby!
A quokka is nearby!
A quokka is nearby!
You block the quokka's attack.
You barely miss the quokka. The quokka bites you.
You hit the quokka but do no damage. You block the quokka's attack.
The quokka bites you.
You hit the quokka but do no damage. You block the quokka's attack.
The quokka bites you.
You hit the quokka.
The quokka is heavily wounded.
The quokka closely misses you. The quokka bites you.
* * * LOW HITPOINT WARNING * * *
You closely miss the quokka.
The quokka is heavily wounded.
The quokka bites you.
* * * LOW HITPOINT WARNING * * *
You block the quokka's attack.
You are too injured to fight recklessly!
Cast which spell? (? or * to list)
You don't know that spell.
Cast which spell? (? or * to list)
You aren't experienced enough to cast this spell.
Unknown command.
Unknown command.
A frilled lizard comes into view.
Cast which spell? (? or * to list)
Okay, then.
Cast which spell? (? or * to list)
You aren't experienced enough to cast this spell.
Unknown command.
You closely miss the quokka.
The quokka is moderately wounded.
The quokka bites you.
You die...

#.. #.# #.# #### #.#
#.# ...# #.# #.# ##.#
#.# #.# #.# #.# #.###
#.# #.# #...
#.#######.####.####.#.#
#..............@......#
######....####r####.#l#
##.................#
.......................
########.#....#.##.#.#.
# #.#....#.# .# # ##
#.#....#.. . ≈#
#.#.####.# . ≈## .#.
#.# ..


You could see a quokka and a frilled lizard.

Vanquished Creatures
  A dart slug (D:1)
1 creature vanquished.

Notes
Turn   | Place    | Note
-------+----------+-------------------------------------------
     0 | D:1      | dickylongcocking the Djinni Wanderer began the quest for
                  | the Orb.
     0 | D:1      | Reached XP level 1. HP: 17/17 MP: 0/0
   248 | D:1      | Slain by a quokka

Illustrated notes

Levels and vault maps discovered:
D:1:      lightli_molten_gateway, layout_basic, st_stairs_14

Action                   || total
-------------------------++-------
Melee: Club              ||    13
 Stab: Sleeping          ||     1
Armor: Robe              ||     1
Dodge: Dodged            ||     3
Block: Kite shield       ||     5

Table legend: (Time is in decaauts)
 A = Elapsed time spent in this place.
 B = Non-inter-level travel time spent in this place.
 C = Inter-level travel time spent in this place.
 D = Time resting spent in this place.
 E = Time spent auto-exploring this place.
 F = Levels seen in this place.
 G = Mean time per level.
                   A        B        C        D        E       F      G
               +--------+--------+--------+--------+--------+-----+--------+
         Total |    254 |    254 |      0 |      0 |    226 |   1 |  254.0 |
       Dungeon |    254 |    254 |      0 |      0 |    226 |   1 |  254.0 |
               +--------+--------+--------+--------+--------+-----+--------+

Top non-repeatable levels by time:
     D:1: 254 daAuts
